 Dungeon Crawl Stone Soup version 0.21-a0-401-g0b6bec4 (webtiles) character file.

188 Xenofane the Insei (level 5, -1/41 HPs)
             Began as a Demonspawn Monk on Oct 21, 2017.
             Slain by a centaur (6 damage)
             ... on level 5 of the Dungeon.
             The game lasted 00:07:17 (3041 turns).

Xenofane the Insei (Demonspawn Monk)                Turns: 3041, Time: 00:07:18

Health: -1/41      AC:  3    Str: 12    XL:     5   Next: 39%
Magic:  5/5        EV: 15    Int: 12    God:
Gold:   145        SH:  0    Dex: 15    Spells: 4/4 levels left

rFire    . . .     SeeInvis .     - Unarmed
rCold    . . .     Gourm    .   (no shield)
rNeg     . . .     Faith    .   o - +0 leather armour
rPois    .         Spirit   .   (no helmet)
rElec    .         Reflect  .   (no cloak)
rCorr    .         Harm     .   (no gloves)
MR       .....                  (no boots)
Stlth    ++........             (no amulet)
HPRegen  0.00/turn              (no ring)
MPRegen  0.09/turn              (no ring)

@: about to teleport
A: repulsion field 1, mutation resistance 1, powered by pain 1, inhibited
regeneration
a: no special abilities


You were on level 5 of the Dungeon.
You were not hungry.

You visited 1 branch of the dungeon, and saw 6 of its levels.

You collected 145 gold pieces.

Inventory:

Hand Weapons
 a - a +0 longbow
Missiles
 b - a throwing net
 e - 4 tomahawks (quivered)
 i - 39 sling bullets
Armour
 o - a +0 leather armour (worn)
 p - a +0 ring mail
Scrolls
 d - 2 scrolls of amnesia
 f - 3 scrolls of recharging
 n - a scroll of remove curse
Comestibles
 g - 3 meat rations
 h - a royal jelly
 s - a bread ration


   Skills:
 * Level 3.4 Fighting
 * Level 3.1 Dodging
 - Level 1.9 Stealth
 + Level 5.0 Unarmed Combat


You had 4 spell levels left.
You didn't know any spells.

Dungeon Overview and Level Annotations

Branches:
Dungeon (6/15)
 Temple: D:4-7

Altars:
Ashenzari
Uskayaw
Wu Jian

Annotations:
D:3 grizmgrazm2's ghost, amateur BaTm


Innate Abilities, Weirdness & Mutations

You are surrounded by a mild repulsion field. (EV +2)
You sometimes gain a little power by taking damage.
You are somewhat resistant to further mutation.
You do not regenerate when monsters are visible.


Message History

The kobold hits you with a whip.
* * * LOW HITPOINT WARNING * * *
The centaur misses you.
You aren't carrying any potions.
As you read the scroll labeled YGROMN ROVOGO, it crumbles to dust.
You hear a loud clanging noise!
It was a scroll of noise.
You hear an angry hiss.
The centaur misses you. The kobold misses you.
As you read the scroll of teleportation, it crumbles to dust.
You feel strangely unstable.
The centaur hits you but does no damage.
The kobold barely misses you. The centaur hits you.
* * * LOW HITPOINT WARNING * * *
You punch the kobold!
You kill the kobold!
The centaur closely misses you.
An adder comes into view.
The centaur barely misses you. The centaur hits you.
You die...

#.#.........
#...<.......
######?.........
.[...#..........
.....##.........
...........)K..c
.........####...
?...>......# +##
.......o@c.#
#..........#
#.......>..#
#..........#
########S### #.#
#.. #.# #.#


You could see a centaur, an adder and an orc.

Vanquished Creatures
  A centaur skeleton (D:5)
  Terence (D:2)
  An iguana (D:3)
  A hound skeleton (D:4)
  4 gnolls (D:4)
  A shadow imp (D:4)
  A dart slug (D:2)
  A leopard gecko (D:2)
  6 orcs
  4 bats (D:1)
  A giant cockroach (D:3)
  7 goblins
  3 hobgoblins
  2 jackals (D:2)
  A frilled lizard (D:3)
  4 kobolds
  5 rats
44 creatures vanquished.

Notes
Turn   | Place    | Note
-------+----------+-------------------------------------------
     0 | D:1      | Xenofane the Demonspawn Monk began the quest for the Orb.
     0 | D:1      | Reached XP level 1. HP: 18/18 MP: 1/1
   561 | D:1      | Gained mutation: You sometimes gain a little power by taking damage. [demonic ancestry]
   561 | D:1      | Reached XP level 2. HP: 18/24 MP: 2/2
   789 | D:1      | Reached skill level 3 in Unarmed Combat
  1548 | D:2      | Noticed Terence
  1575 | D:2      | Killed Terence
  1575 | D:2      | Reached XP level 3. HP: 27/29 MP: 3/3
  1717 | D:2      | Reached skill level 4 in Unarmed Combat
  1855 | D:3      | Gained mutation: You are surrounded by a mild repulsion field. (EV +2) [demonic ancestry]
  1855 | D:3      | Reached XP level 4. HP: 35/35 MP: 4/4
  2050 | D:3      | Found a shattered altar of Ashenzari.
  2369 | D:3      | Noticed grizmgrazm2's ghost (amateur BaTm)
  2577 | D:4      | Reached XP level 5. HP: 10/41 MP: 5/5
  2988 | D:4      | Noticed an ogre
  2990 | D:4      | Gained mutation: You do not regenerate when monsters are visible. [potion of mutation]
  2990 | D:4      | Gained mutation: You are somewhat resistant to further mutation. [potion of mutation]
  3009 | D:5      | Entered Level 5 of the Dungeon
  3009 | D:5      | Noticed a centaur
  3025 | D:5      | Reached skill level 5 in Unarmed Combat
  3032 | D:6      | Found an ornate altar of the Wu Jian Council.
  3032 | D:6      | Found a hide-covered altar of Uskayaw.
  3032 | D:6      | Noticed an ice beast
  3041 | D:5      | Slain by a centaur

Vault maps used:
D:1:      lemuel_arrival_funnel, st_stairs_12
D:2:      minmay_wonky_spiral, uniq_terence
D:3:      corexii_leaking_fountain, grunt_ministairs_11, ashenzari_altar_1
D:4:      gammafunk_temple_overflow_claw, kennysheep_little_box
D:5:      cheibrodos_two_vegetables, nemelex_altar_shiori, first_bread
D:6:      chequers_temple_overflow_statue_of_worship, lemuel_oklob_altar

Skill      XL: |  1  2  3  4  5 |
---------------+----------------+-----
Unarmed Combat | 3 4 5 |  5.0
Dodging        | 3 |  3.1
Fighting       | |  3.4
Stealth        | |  1.9

Action                   |  1- 3 |  4- 6 || total
-------------------------+-------+-------++-------
Melee: Unarmed           |   131 |   106 ||   237
       Punch             |     1 |     3 ||     4
Throw: Tomahawk          |     3 |     4 ||     7
  Use: Potion            |     4 |     5 ||     9
       Scroll            |     3 |     7 ||    10
 Stab: Sleeping          |     4 |     2 ||     6
  Eat: Chunk             |     3 |       ||     3
       Bread ration      |       |     1 ||     1
Armor: Robe              |    19 |     7 ||    26
       Skin              |     1 |       ||     1
       Leather armour    |       |     3 ||     3
Dodge: Dodged            |    88 |    83 ||   171

Table legend:
 A = Spawn XP
 B = Non-spawn XP
 C = Spawn XP percentage of total XP
 D = Spawn monster count
 E = Non-spawn monster count
 F = Spawn count percentage of total count
 G = Total turns spent on level
                    A         B        C        D         E        F      G
               +---------+---------+-------+---------+---------+-------+---------
         Total |       0 |     269 |   0.0 |       0 |      44 |   0.0 |  3041
               +---------+---------+-------+---------+---------+-------+---------
           D:1 |       0 |      22 |   0.0 |       0 |      15 |   0.0 |  1263
           D:2 |       0 |      55 |   0.0 |       0 |       9 |   0.0 |   528
           D:3 |       0 |      60 |   0.0 |       0 |      11 |   0.0 |   608
           D:4 |       0 |      87 |   0.0 |       0 |       7 |   0.0 |   610
           D:5 |       0 |      45 |   0.0 |       0 |       2 |   0.0 |    30
               +---------+---------+-------+---------+---------+-------+---------
